 Dungeon Crawl Stone Soup version 0.17.1-1-g73c8601 (webtiles) character file.

320062 Glider the Shatterer (level 20, -2/174 HPs)
             Began as a Minotaur Fighter on Dec 21, 2015.
             Was the Champion of Qazlal.
             Slain by a deep elf blademaster
             ... wielding a +0 rapier
              (9 damage)
             ... on level 2 of the Elven Halls.
             The game lasted 04:20:03 (38427 turns).

Glider the Shatterer (Minotaur Fighter)            Turns: 38427, Time: 04:20:07

Health: -2/174     AC: 27    Str: 28    XL:     20   Next: 61%
Magic:  34/35      EV: 14    Int:  5    God:    Qazlal [******]
Gold:   2708       SH: 30    Dex: 12    Spells: 0 memorised, 19 levels left

rFire  + . .     SeeInvis .     P - +7 demon whip (elec)
rCold  + . .     Clarity  .     O - +4 chain mail of Blue Skies {*Drain rPois rC+ Regen+}
rNeg   . . .     SustAt   .     H - +0 large shield
rPois  +         Gourm    .     i - +2 hat {MR+}
rElec  .         Spirit   .     v - +0 cloak
rCorr  .         Warding  .     V - +2 pair of gloves
rMut   .         Stasis   .     (no boots)
MR     +++..                    f - amulet of regeneration
Stlth  ..........               k - +4 ring of slaying
                                W - ring "Xecoan" {rF+ MR+ MP+9}

@: protected from physical damage, repel missiles, extremely resistant to
hostile enchantments, extremely unstealthy
A: retaliatory headbutt, horns 2
a: Upheaval, Elemental Force, Disaster Area, Renounce Religion
}: 2/15 runes: serpentine, barnacled


You were on level 2 of the Elven Halls.
You worshipped Qazlal.
Qazlal was exalted by your worship.
You were not hungry.

You visited 7 branches of the dungeon, and saw 39 of its levels.

You collected 4093 gold pieces.
You spent 1385 gold pieces at shops.

Inventory:

Hand Weapons
 P - a +7 demon whip of electrocution (weapon)
Armour
 i - a +2 hat of magic resistance (worn)
 v - a +0 cloak (worn)
 G - a +2 buckler
 H - a +0 large shield (worn)
 O - the +4 chain mail of Blue Skies (worn) {*Drain rPois rC+ Regen+}
   (You found it on level 7 of the Dungeon)

   It protects you from cold.
   It protects you from poison.
   It increases your rate of regeneration.
   It causes draining when unequipped.
 V - a +2 pair of gloves (worn)
Jewellery
 b - an uncursed ring of teleportation
 f - an amulet of regeneration (around neck)
 k - a +4 ring of slaying (right hand)
 p - an uncursed ring of flight
 t - an uncursed ring of see invisible
 E - an uncursed amulet of faith {unknown}
 W - the ring "Xecoan" (left hand) {rF+ MR+ MP+9}
   (You found it on level 8 of the Lair of Beasts)

   [ring of protection from magic]

   It protects you from fire.
   It affects your resistance to hostile enchantments.
   It affects your magic capacity (+9).
Wands
 h - a wand of frost (24)
 A - a wand of draining (10)
 D - a wand of hasting (3)
 S - a wand of digging (13)
Scrolls
 a - 3 scrolls of fog
 c - a scroll of immolation
 g - 7 scrolls of enchant armour
 j - 13 scrolls of remove curse
 o - 9 scrolls of teleportation
 u - a scroll of amnesia
 x - 4 scrolls of magic mapping
 z - 2 scrolls of holy word {unknown}
 C - 5 scrolls of recharging
 I - a scroll of enchant weapon
 J - 4 scrolls of fear
 K - 2 scrolls of blinking
 M - a scroll of brand weapon
Potions
 d - 4 potions of might
 l - 4 potions of agility
 m - a potion of heal wounds
 q - 11 potions of curing
 s - 4 potions of berserk rage
 w - 3 potions of haste
 B - 3 potions of brilliance
 F - 4 potions of cancellation
 L - 3 potions of invisibility
 N - 2 potions of magic
 U - 2 potions of cure mutation
 X - 2 potions of resistance
 Y - 3 potions of flight
Books
 r - the Collected Works on Evil
   (You found it on level 1 of the Elven Halls)

   Spells                             Type                      Level
   a - Animate Skeleton               Necromancy                   1
   b - Pain                           Necromancy                   1
   c - Corpse Rot                     Necromancy                   2
   d - Vampiric Draining              Necromancy                   3
   e - Control Undead                 Necromancy                   4
   f - Excruciating Wounds            Charms/Necromancy            5
Miscellaneous
 y - an ornate deck of wonders {the Helix}
 T - a plain deck of defence {the Potion}
Comestibles
 e - 20 bread rations
 n - 2 beef jerkies


   Skills:
 - Level 14.0 Fighting
   Level 17.0 Short Blades
   Level 3.1(12.7) Long Blades
 * Level 22.3 Maces & Flails
 - Level 4.0 Throwing
 - Level 15.0 Armour
 - Level 15.0 Dodging
 - Level 16.0 Shields
 - Level 10.0 Invocations
 * Level 5.2 Evocations


You had 19 spell levels left.
You didn't know any spells.

Dungeon Overview and Level Annotations

Branches:
Dungeon (15/15)            Temple (1/1) D:7            Lair (8/8) D:9
 Shoals (4/4) Lair:6        Snake (4/4) Lair:6        Slime (0/6) Lair:7
    Orc (4/4) D:9             Elf (3/3) Orc:3        Vaults (0/5) D:13
 Depths (0/5) D:15

Altars:
Ashenzari
Cheibriados
Dithmenos
Elyvilon
Fedhas
Gozag
Kikubaaqudgha
Makhleb
Nemelex Xobeh
Okawaru
Qazlal
Ru
Sif Muna
Trog
Vehumet
Xom
Yredelemnul
Zin
The Shining One
Beogh

Shops:
D:4 :   D:7 [   D:8 (   D:9 }   D:15 ???!   Orc:3 *   Orc:4 :}[?   Elf:1 [
Snake:1 :

Annotations:
Lair:5 exclusion: oklob plant


Innate Abilities, Weirdness & Mutations

You reflexively headbutt those who attack you in melee.
You have a pair of horns on your head.


Message History

The deep elf blademaster hits you but does no damage.
You block the deep elf blademaster's attack.
You block the deep elf blademaster's attack. x2
The deep elf blademaster hits you with a rapier!
* * * LOW HITPOINT WARNING * * *
You block the deep elf blademaster's attack.
Drink which item? (? for menu, Esc to quit)
You feel much better.
You block the deep elf blademaster's attack. x2
You miss the deep elf blademaster.
Your headbutt misses the deep elf blademaster.
The deep elf blademaster is severely wounded.
You block the deep elf blademaster's attack. x2
You hit the deep elf blademaster.
There is a sudden explosion of sparks!
Your headbutt misses the deep elf blademaster.
The deep elf blademaster is almost dead.
The deep elf blademaster hits you with a rapier!
* * * LOW HITPOINT WARNING * * *
The deep elf blademaster hits you with a rapier!
You die...

.......##..#....§§#..#...........
.......##..#......'..#...........
.......##..#....§.#..####'#######
.......##..########..............
.......##........................
.#...§.##...)..).....############
###....##......§[..[.#.(§........
# #....##..#####'##[.[.((........
# ##.§.##..#..§.@.#.)#.§######'##
# ##...##..#....§e#.§#§.#.....§..
###....##..#..§..§#..#..#.....§..
.#.....##..#....>.)..#..#........
......###..#......#..#..#########
#.....# #..#......#..#...........
##..### #..#......#..#...........
#########..#......#..#..######..#
#.#........#......#..#..#....#..#


You could see a deep elf blademaster.

Vanquished Creatures
  Mara (Snake:4)
  Vashnia (Snake:4)
  Rupert (Orc:4)
  3 deep elf blademasters
  A deep elf master archer (Elf:3)
  Polyphemus (Shoals:1)
  Gastronok (Orc:1)
  Roxanne (D:15)
  Ilsuiw (Shoals:4)
  12 greater nagas
  Maud (D:13)
  11 deep elf sorcerers
  Aizul (Shoals:2)
  Louise (D:15)
  7 deep elf demonologists
  The ghost of riffraff the Fighter, a journeyman DsBe of Trog (Lair:8)
  Azrael (Elf:2)
  The ghost of Dickchan the Markscentaur, a journeyman CeHu of Okawaru (Lair:1)
  5 deep elf annihilators (Elf:3)
  An ettin (Orc:4)
  10 merfolk javelineers
  5 slime creatures (D:15)
  12 merfolk impalers
  2 deep elf death magi
  4 deep elf high priests (Elf:3)
  A rakshasa (D:15)
  5 hydras
  A yaktaur captain (D:15)
  Erolcha (Orc:4)
  11 naga warriors
  The ghost of AncientHorror the Cleaver, a journeyman HOFi of Qazlal (D:11)
  11 merfolk avatars
  Erica (D:8)
  23 anacondas
  A queen ant (D:11)
  4 death yaks (Shoals:1)
  2 centaur warriors (D:15)
  2 catoblepae
  9 merfolk aquamancers
  4 ogre magi (Orc:4)
  18 dancing weapons
  A small abomination (Elf:2)
  2 orc high priests
  Urug (D:15)
  3 satyrs
  19 naga sharpshooters
  A deep troll earth mage (D:13)
  11 shock serpents
  Nergalle (Orc:4)
  A fire crab (Lair:7)
  18 deep elf knights
  2 unseen horrors
  A salamander mystic (Snake:4)
  A wizard (D:14)
  3 deep elf summoners (Elf:2)
  10 hill giants
  7 naga ritualists
  Pikel (D:8)
  22 harpies
  A large abomination (Elf:1)
  11 sea snakes
  5 orc knights
  11 salamanders
  13 mana vipers
  10 griffons
  7 orc sorcerers
  3 necromancers (Elf:1)
  8 deep elf conjurers
  10 manticores
  7 fauns
  4 cyclopes
  An oklob plant (Shoals:1)
  17 ugly things
  24 elephants
  35 black mambas
  6 water nymphs
  4 centaur zombies
  24 naga magi
  9 sirens
  9 guardian serpents (Snake:4)
  A torpor snail (Lair:7)
  16 spiny frogs
  A gargoyle (D:13)
  2 kobold demonologists
  An efreet (D:13)
  13 komodo dragons
  12 deep elf priests
  A freezing wraith (D:15)
  4 fire drakes
  2 polar bears
  40 merfolk
  6 trolls
  A two-headed ogre (Orc:3)
  2 wind drakes
  3 giant leeches (Lair:8)
  Prince Ribbit (D:8)
  17 blink frogs (Lair:8)
  A wyvern (D:10)
  2 trapdoor spiders
  6 shadows
  6 water elementals
  4 fire elementals (Elf:2)
  A human (shapeshifter) (D:15)
  22 deep elf magi
  13 snapping turtles
  22 hippogriffs
  3 wraiths
  53 yaks
  A spriggan (Lair:5)
  A hippogriff (shapeshifter) (D:15)
  5 basilisks
  5 wargs
  28 wolves
  5 vampire mosquitoes
  32 deep elf fighters
  A hog (shapeshifter) (Elf:2)
  55 nagas
  6 soldier ants
  Edmund (D:5)
  5 hungry ghosts
  A mottled dragon (D:15)
  7 porcupines
  A wolf (shapeshifter) (D:15)
  33 orc warriors
  6 sky beasts
  3 hell hounds (Elf:2)
  A necrophage (D:11)
  5 black bears
  23 water moccasins
  A spider (shapeshifter) (D:14)
  21 centaurs
  3 phantoms
  5 boggarts (D:15)
  5 ice beasts
  An eye of draining (D:15)
  A swamp drake (D:9)
  15 ogres
  2 slaves (D:8)
  21 crocodiles
  A brain worm (Lair:7)
  5 elf zombies (Elf:1)
  31 giant frogs
  2 scorpions
  7 electric eels
  10 killer bees
  14 crimson imps
  A quasit (D:8)
  8 jellies
  47 orc wizards
  2 giant frog zombies
  3 iron imps (D:5)
  2 hell rats (Lair:2)
  30 orc priests
  3 centaur skeletons
  14 iguanas
  5 hounds
  A gnoll shaman (D:9)
  21 worker ants
  31 sheep
  A hound skeleton (D:5)
  3 hound zombies
  100 river rats
  4 gnolls (D:9)
  A worker ant zombie (D:6)
  17 adders
  A shadow imp (D:8)
  5 oozes (D:9)
  A worm (D:5)
  3 adder zombies
  204 orcs
  A ball python (D:7)
  4 giant cockroaches
  16 goblins
  10 hobgoblins
  8 jackals
  8 quokkas
  3 bats
  A giant cockroach zombie (D:6)
  2 giant geckos
  4 giant newts
  11 kobolds
  A quokka zombie (D:5)
  10 rats
  2 butterflies (Lair:8)
  56 fungi
  98 plants
1874 creatures vanquished.

Vanquished Creatures (collateral kills)
  Nikola (Shoals:3)
1 creature vanquished.

Vanquished Creatures (others)
  A water nymph (Shoals:3)
  A deep elf fighter (Elf:1)
  A hound (D:8)
  2 orc wizards
  A giant frog skeleton (D:8)
  2 crawling corpses (Elf:3)
  8 fungi
  28 plants
44 creatures vanquished.

Grand Total: 1919 creatures vanquished

Notes
Turn   | Place    | Note
--------------------------------------------------------------
     0 | D:1      | Glider the Minotaur Fighter began the quest for the Orb.
     0 | D:1      | Reached XP level 1. HP: 19/19 MP: 0/0
   100 | D:1      | Reached XP level 2. HP: 27/27 MP: 1/1
   164 | D:1      | Found a sparkling altar of Nemelex Xobeh.
   168 | D:1      | Reached skill level 4 in Armour
   402 | D:1      | Reached skill level 1 in Dodging
   456 | D:1      | Reached XP level 3. HP: 33/33 MP: 2/2
  1025 | D:2      | Reached XP level 4. HP: 40/40 MP: 3/3
  2158 | D:4      | Reached XP level 5. HP: 44/47 MP: 4/4
  2423 | D:4      | Found a white marble altar of Elyvilon.
  2532 | D:4      | Found Varch's Book Emporium.
  2551 | D:4      | Reached skill level 5 in Shields
  2593 | D:4      | Found a shadowy altar of Dithmenos.
  2598 | D:4      | Reached skill level 5 in Armour
  2845 | D:5      | Entered Level 5 of the Dungeon
  2859 | D:5      | Noticed an ogre
  2861 | D:5      | Noticed an ice beast
  2972 | D:5      | Reached skill level 1 in Maces & Flails
  2972 | D:5      | Reached XP level 6. HP: 47/55 MP: 5/5
  2973 | D:5      | Noticed an ice beast
  2985 | D:5      | Killed an ice beast
  2985 | D:5      | Reached skill level 5 in Fighting
  2990 | D:5      | Found a shattered altar of Ashenzari.
  3089 | D:5      | Killed an ice beast
  3089 | D:5      | Reached skill level 6 in Armour
  3095 | D:5      | Noticed an ice beast
  3103 | D:5      | Killed an ice beast
  3103 | D:5      | Reached XP level 7. HP: 47/61 MP: 6/6
  3122 | D:5      | Killed an ogre
  3247 | D:5      | Found a burning altar of Makhleb.
  3249 | D:5      | Noticed Edmund
  3266 | D:5      | Killed Edmund
  3283 | D:5      | Reached skill level 5 in Dodging
  3336 | D:5      | Found a glowing silver altar of Zin.
  3818 | D:6      | Reached XP level 8. HP: 58/70 MP: 7/7
  4063 | D:6      | Reached skill level 5 in Maces & Flails
  4089 | D:6      | Reached skill level 1 in Throwing
  4311 | D:6      | Found a bloodstained altar of Trog.
  4311 | D:6      | Found a deep blue altar of Sif Muna.
  4409 | D:7      | Got a twisted chain mail
  4422 | D:7      | Identified the +4 chain mail of Blue Skies {*Drain rPois rC+ Regen+} (You found it on level 7 of the Dungeon)
  4498 | D:7      | Found a staircase to the Ecumenical Temple.
  4524 | Temple   | Entered the Ecumenical Temple
  4592 | D:7      | Reached skill level 7 in Fighting
  4631 | D:7      | Found Goubibb's Armour Shop.
  5148 | D:7      | Reached XP level 9. HP: 76/79 MP: 8/8
  5750 | D:8      | Reached skill level 8 in Maces & Flails
  5774 | D:8      | Found a shimmering altar of Xom.
  5832 | D:8      | Noticed Pikel
  5851 | D:8      | Killed Pikel
  5851 | D:8      | Reached skill level 9 in Maces & Flails
  6081 | D:8      | Noticed Erica
  6291 | D:8      | Found Lurem's Antique Weapon Emporium.
  6318 | D:8      | Noticed Prince Ribbit
  6347 | D:8      | Killed Prince Ribbit
  6383 | D:8      | Reached skill level 10 in Maces & Flails
  6498 | D:8      | Found a basalt altar of Yredelemnul.
  6777 | D:8      | Killed Erica
  6777 | D:8      | Reached skill level 11 in Maces & Flails
  6777 | D:8      | Reached XP level 10. HP: 54/91 MP: 9/9
  7098 | D:9      | Reached skill level 12 in Maces & Flails
  7208 | D:9      | Found a snail-covered altar of Cheibriados.
  7290 | D:9      | Found Ynkagan's Gadget Boutique.
  7445 | D:9      | Found an ancient bone altar of Kikubaaqudgha.
  7668 | D:9      | Found a staircase to the Lair.
  7858 | D:9      | Reached XP level 11. HP: 91/99 MP: 10/10
  7866 | D:9      | Reached skill level 10 in Fighting
  7895 | D:9      | Found a staircase to the Orcish Mines.
  7918 | D:9      | Found a stormy altar of Qazlal.
  7926 | D:9      | Became a worshipper of Qazlal Stormbringer
  8071 | D:10     | Entered Level 10 of the Dungeon
  8075 | D:10     | Noticed a hill giant
  8088 | D:10     | Killed a hill giant
  8088 | D:10     | Reached skill level 13 in Maces & Flails
  8204 | Lair:1   | Entered Level 1 of the Lair of Beasts
  8227 | Lair:1   | Identified a scroll of acquirement
  8228 | Lair:1   | Got an encrusted quick blade
  8229 | Lair:1   | Identified the +8 quick blade of Subterfuge {pierce, rF+} (You acquired it on level 1 of the Lair of Beasts)
  8361 | D:10     | Noticed a hill giant
  8373 | D:10     | Killed a hill giant
  8382 | D:10     | Reached skill level 1 in Short Blades
  8440 | D:10     | Found a white marble altar of Elyvilon.
  9177 | D:11     | Noticed a hill giant
  9189 | D:11     | Killed a hill giant
  9363 | D:11     | Reached * piety under Qazlal
  9424 | D:11     | Noticed AncientHorror's ghost (journeyman HOFi)
  9452 | D:11     | Reached skill level 5 in Short Blades
  9525 | D:11     | Killed AncientHorror's ghost
  9676 | D:11     | Noticed a hill giant
  9681 | D:11     | Reached skill level 1 in Invocations
  9692 | D:11     | Killed a hill giant
  9718 | D:11     | Noticed a queen ant
  9751 | D:11     | Killed a queen ant
  9751 | D:11     | Reached XP level 12. HP: 56/110 MP: 12/12
  9805 | D:11     | Reached ** piety under Qazlal
  9826 | D:11     | Killed an unseen horror
 10592 | D:9      | Bought a wand of hasting (3) for 588 gold pieces
 10784 | D:12     | Reached *** piety under Qazlal
 10784 | D:12     | Reached skill level 10 in Armour
 11260 | D:13     | Reached skill level 10 in Dodging
 11378 | D:13     | Reached skill level 5 in Invocations
 11416 | D:13     | Found a gate to the Vaults.
 11593 | D:13     | Noticed a centaur warrior
 12003 | Lair:1   | Reached **** piety under Qazlal
 12026 | Lair:1   | Reached XP level 13. HP: 110/116 MP: 16/16
 12065 | Lair:1   | Noticed Dickchan's ghost (journeyman CeHu)
 12105 | Lair:1   | Killed Dickchan's ghost
 13111 | Lair:2   | Reached ***** piety under Qazlal
 14973 | Lair:5   | Reached skill level 14 in Dodging
 15177 | Lair:5   | Reached ****** piety under Qazlal
 15297 | Lair:5   | Reached XP level 14. HP: 123/127 MP: 18/18
 15857 | Lair:6   | Found a staircase to the Shoals.
 15891 | Lair:6   | Found a staircase to the Snake Pit.
 16592 | Lair:7   | Found a staircase to the Slime Pits.
 17104 | Lair:8   | Entered Level 8 of the Lair of Beasts
 17116 | Lair:8   | Noticed riffraff's ghost (journeyman DsBe)
 17118 | Lair:8   | Got a smoking chain mail
 17237 | Lair:8   | Killed riffraff's ghost
 17438 | Lair:8   | Got an ancient turquoise ring
 17440 | Lair:8   | Identified the ring "Xecoan" {rF+ MR+ MP+9} (You found it on level 8 of the Lair of Beasts)
 17564 | Lair:8   | Reached skill level 10 in Shields
 17671 | Lair:8   | Identified the cursed +1 chain mail of the Eternal Void {rC++ rN+ Stlth+} (You found it on level 8 of the Lair of Beasts)
 18599 | Orc:1    | Entered Level 1 of the Orcish Mines
 18718 | Orc:1    | Reached XP level 15. HP: 115/135 MP: 20/20
 18762 | Orc:1    | Noticed Gastronok
 18786 | Orc:1    | Killed Gastronok
 19604 | Orc:3    | Found Wyshroigu's Assorted Antiques.
 20046 | Orc:3    | Found a staircase to the Elven Halls.
 20187 | Orc:4    | Entered Level 4 of the Orcish Mines
 20440 | Orc:4    | Found an ancient bone altar of Kikubaaqudgha.
 20441 | Orc:4    | Noticed Nergalle
 20453 | Orc:4    | Noticed Rupert
 20486 | Orc:4    | Killed Rupert
 20494 | Orc:4    | Killed Nergalle
 20557 | Orc:4    | Found a radiant altar of Vehumet.
 20557 | Orc:4    | Noticed Erolcha
 20574 | Orc:4    | Killed Erolcha
 20575 | Orc:4    | Found Ucegepp's Magic Scroll Emporium.
 20617 | Orc:4    | Found Joxeo's Antique Armour Emporium.
 20617 | Orc:4    | Found a roughly hewn altar of Beogh.
 20620 | Orc:4    | Found Woabeq's Gadget Shoppe.
 20627 | Orc:4    | Found Emmyemiy's Book Shoppe.
 20653 | Orc:4    | Bought a pair of crude boots for 275 gold pieces
 20653 | Orc:4    | Bought a smoking ring mail for 261 gold pieces
 20658 | Orc:4    | Identified the +0 pair of boots of Kypteym {*Corrode rPois rN+} (You bought it in a shop on level 4 of the Orcish Mines)
 20668 | Orc:4    | Identified the +5 ring mail of Okawaru's Wrath {+Inv Int+2} (You bought it in a shop on level 4 of the Orcish Mines)
 20668 | Orc:4    | Bought a faintly glowing ring mail for 261 gold pieces
 20678 | Orc:4    | Identified the cursed +1 ring mail "Kyptat" {rC+ MR- Str+9 Slay+3} (You bought it in a shop on level 4 of the Orcish Mines)
 21681 | Snake:1  | Entered Level 1 of the Snake Pit
 21705 | Snake:1  | Reached skill level 10 in Short Blades
 21781 | Snake:1  | You fall through a shaft!
 22189 | Snake:2  | Reached skill level 15 in Shields
 22490 | Snake:1  | Noticed a greater naga
 22806 | Snake:1  | Killed a greater naga
 22806 | Snake:1  | Reached XP level 16. HP: 143/143 MP: 11/21
 23550 | D:13     | Noticed Maud
 23574 | D:13     | Killed Maud
 24699 | D:14     | Found a sparkling altar of Nemelex Xobeh.
 24842 | D:15     | Entered Level 15 of the Dungeon
 24854 | D:15     | Got a translucent leather armour
 24880 | D:15     | Found Pehom's Magic Scroll Shop.
 24915 | D:15     | Noticed Louise
 24957 | D:15     | Killed Louise
 24993 | D:15     | Found a blossoming altar of Fedhas.
 24993 | D:15     | Noticed Roxanne
 24993 | D:15     | Noticed Urug
 25003 | D:15     | Killed Urug
 25039 | D:15     | Killed Roxanne
 25043 | D:15     | Identified Roxanne's Volume of Transmutation and Poisoning (You took it off Roxanne on level 15 of the Dungeon)
 25159 | D:15     | Found Ciojefic's Magic Scroll Shoppe.
 25162 | D:15     | Found Zoitz's Magic Scroll Shop.
 25632 | D:15     | Got a translucent granite ring
 25643 | D:15     | Identified the +0 leather armour of the Nexus {rElec Str-5 Dex+2} (You found it on level 15 of the Dungeon)
 25644 | D:15     | Identified the ring "Qeahoac" {Ice *Drain Int+6} (You took it off a yaktaur captain on level 15 of the Dungeon)
 25865 | D:15     | Found Zylaokh's Distillery.
 26172 | D:15     | Found a staircase to the Depths.
 27150 | Snake:1  | Found Udynwodi's Book Shop.
 27182 | Snake:1  | Reached skill level 15 in Short Blades
 27919 | Snake:3  | Reached XP level 17. HP: 149/149 MP: 22/22
 28228 | Snake:3  | Found an iron altar of Okawaru.
 28361 | Snake:4  | Entered Level 4 of the Snake Pit
 28419 | Snake:4  | Reached skill level 16 in Short Blades
 28754 | Snake:4  | Noticed Mara
 28763 | Snake:4  | Noticed Glider's illusion
 28795 | Snake:4  | Killed Mara
 28938 | Snake:4  | Reached skill level 17 in Short Blades
 29150 | Snake:4  | Noticed Vashnia
 29185 | Snake:4  | Killed Vashnia
 29188 | Snake:4  | Reached skill level 15 in Maces & Flails
 29513 | Snake:4  | Reached XP level 18. HP: 155/157 MP: 23/23
 29532 | Snake:4  | Reached skill level 15 in Dodging
 29756 | Snake:4  | Got a serpentine rune of Zot
 30562 | Shoals:1 | Entered Level 1 of the Shoals
 30564 | Shoals:1 | Found a glowing golden altar of the Shining One.
 31706 | Shoals:2 | Noticed Polyphemus
 31787 | Shoals:1 | Killed Polyphemus
 31884 | Shoals:2 | Noticed Aizul
 31910 | Shoals:2 | Killed Aizul
 32631 | Shoals:3 | Noticed Nikola
 32997 | Shoals:3 | Killed Nikola
 33007 | Shoals:3 | Reached XP level 19. HP: 166/166 MP: 25/25
 33397 | Shoals:3 | Reached skill level 10 in Invocations
 33474 | Shoals:4 | Entered Level 4 of the Shoals
 33485 | Shoals:4 | Reached skill level 18 in Maces & Flails
 33485 | Shoals:4 | Reached skill level 1 in Evocations
 33674 | Shoals:4 | Noticed Ilsuiw
 33701 | Shoals:4 | Killed Ilsuiw
 34539 | Shoals:4 | Reached skill level 19 in Maces & Flails
 34781 | Shoals:4 | Got a barnacled rune of Zot
 35572 | Elf:1    | Entered Level 1 of the Elven Halls
 35841 | Elf:1    | Identified the Collected Works on Evil
 35914 | Elf:1    | Found Lisep's Armour Shop.
 36443 | Elf:2    | Noticed Azrael
 36473 | Elf:2    | Killed Azrael
 36473 | Elf:2    | Reached skill level 20 in Maces & Flails
 36760 | Elf:2    | Found a huge runed gate.
 36760 | Elf:2    | Found a huge runed gate.
 36761 | Elf:2    | Found a huge runed gate.
 36762 | Elf:2    | Found a huge runed gate.
 36770 | Elf:2    | Found a huge runed gate.
 37279 | Elf:2    | Reached XP level 20. HP: 127/174 MP: 26/26
 37739 | Elf:3    | Entered Level 3 of the Elven Halls
 37747 | Elf:3    | Reached skill level 21 in Maces & Flails
 37927 | Elf:3    | Reached skill level 15 in Armour
 37976 | Elf:3    | Reached skill level 5 in Evocations
 38141 | Elf:3    | HP: 1/174 [acid (13)]
 38363 | Elf:3    | Reached skill level 22 in Maces & Flails
 38424 | Elf:2    | HP: 5/174 [deep elf blademaster/rapier (13)]
 38427 | Elf:2    | Slain by a deep elf blademaster

Action                   |  1- 3 |  4- 6 |  7- 9 | 10-12 | 13-15 | 16-18 | 19-21 || total
-------------------------+-------+-------+-------+-------+-------+-------+-------++-------
Melee: Long sword        |    96 |    81 |       |       |       |       |       ||   177
       Mace              |       |    73 |    36 |       |       |       |       ||   109
       Flail             |       |       |   263 |   453 |    35 |       |       ||   751
       Quick blade       |       |       |       |   604 |  1847 |  1118 |       ||  3569
       Demon whip        |       |       |       |       |       |   818 |  1044 ||  1862
Throw: Tomahawk          |       |       |     1 |     1 |       |       |       ||     2
Invok: Upheaval          |       |       |       |       |    10 |    24 |    10 ||    44
       Elemental Force   |       |       |       |       |       |     1 |       ||     1
  Use: Scroll            |       |       |     9 |    15 |    12 |     8 |     2 ||    46
       Potion            |       |       |       |       |       |     3 |     4 ||     7
 Stab: Petrified         |       |       |       |       |     2 |       |       ||     2
       Distracted        |       |       |       |       |     1 |       |       ||     1
  Eat: Chunk             |     1 |     7 |    18 |    22 |    38 |    35 |    23 ||   144
       Fruit             |       |       |       |       |       |     1 |       ||     1
       Pizza             |       |       |       |       |       |     1 |       ||     1
       Beef jerky        |       |       |       |       |       |     1 |       ||     1
